[Event "15th Arad Open 2022"]
[Site "Arad"]
[Date "2022.08.09"]
[Round "1.1"]
[White "Sedlak, Nikola"]
[Black "Balaban-Voia, Alexandru"]
[Result "1/2-1/2"]
[ECO "B08"]
[WhiteElo "2480"]
[BlackElo "1869"]
[Annotator "ChessBase"]
[PlyCount "86"]
[EventDate "2022.08.08"]
[EventType "swiss"]
[EventCountry "ROU"]
[SourceTitle "playchess.com"]
[Source "ChessBase"]
[SourceQuality "1"]
[TimeControl "5400+30"]

1. e4 g6 2. d4 Bg7 3. Nc3 d6 4. Be3 c6 5. Nf3 Nf6 6. h3 O-O 7. Qd2 Nbd7 8. Bh6 Qa5 9. Bd3 e5 10. O-O exd4 11. Nxd4 Nc5 12. Bxg7 Kxg7 13. Rae1 Qb4 14. Nb3 Be6 15. Nxc5 dxc5 16. e5 Nd5 17. Re4 Qa5 18. Rh4 h5 19. Rxh5 Rh8 20. Rxh8 Rxh8 21. f4 c4 22. Be4 Qb6+ 23. Kh2 Ne3 24. Rf3 Ng4+ 25. Kh1 Qxb2 26. Rf1 Qb6 27. f5 Qe3 28. f6+ Kg8 29. Qd8+ Kh7 30. Bxg6+ Kxg6 31. Qxh8 Nf2+ 32. Rxf2 Qxf2 33. Qg7+ Kf5 34. Qg4+ Kxe5 35. Qd1 Bd5 36. Qh5+ Kxf6 37. Nxd5+ cxd5 38. Qxd5 Qxc2 39. Qd6+ Kg7 40. Qg3+ Kh7 41. Qh4+ Kg6 42. Qg3+ Kf6 43. Qd6+ Kg7 1/2-1/2

[Event "15th Arad Open 2022"]
[Site "Arad"]
[Date "2022.08.09"]
[Round "1.2"]
[White "Muranyi, Erich"]
[Black "Manolache, Marius"]
[Result "0-1"]
[ECO "B08"]
[WhiteElo "1867"]
[BlackElo "2469"]
[Annotator "RC"]
[PlyCount "140"]
[EventDate "2022.08.08"]
[EventType "swiss"]
[EventCountry "ROU"]
[SourceTitle "playchess.com"]
[Source "ChessBase"]
[SourceQuality "1"]
[TimeControl "5400+30"]

1. e4 d6 2. d4 Nf6 3. Nc3 g6 4. Nf3 Bg7 5. Be2 O-O 6. O-O a6 7. a4 b6 8. Bf4 Bb7 9. e5 Nfd7 10. e6 fxe6 11. Ng5 Rf6 12. Bg4 Nf8 13. Qd2 h6 14. Nge4 Kh7 15. Nxf6+ exf6 16. Qd3 Nc6 17. Be3 f5 18. Be2 Qf6 19. Rad1 f4 20. Bc1 Nxd4 21. f3 Nd7 22. Ne4 Qh4 23. c3 Nf5 24. Rfe1 d5 25. Nf2 Bf8 26. Bf1 Bc5 27. Qe2 b5 28. b4 Bb6 29. a5 Ba7 30. Bxf4 Bxf2+ 31. Qxf2 Qxf4 32. Rxe6 Nf8 33. g3 Qg5 34. f4 Qd8 35. Ree1 Qf6 36. Qc5 Ne6 37. Qf2 Nfg7 38. Re5 Rd8 39. Rde1 d4 40. Bh3 d3 41. Qd2 Rd6 42. R1e3 Nxf4 43. gxf4 Qxf4 44. Bf1 Qg4+ 45. Rg3 Qd7 46. Bh3 Qd8 47. Ree3 Nh5 48. Rg4 Bc8 49. Rge4 Qg5+ 50. Bg2 Bf5 51. Re7+ Ng7 52. Rxc7 Re6 53. Rxd3 Bxd3 54. Qxd3 Re1+ 55. Kf2 Re5 56. Rf7 h5 57. h3 Kh6 58. Kg1 Nf5 59. Qf3 Re3 60. Qf2 Rxc3 61. Kh2 Rd3 62. Ra7 Rd2 63. Qf3 Qe3 64. Qxe3+ Nxe3 65. Rxa6 Rxg2+ 66. Kh1 Ra2 67. Rb6 Kg5 68. Rxb5+ Kh4 69. Re5 Re2 70. a6 Kg3 0-1

[Event "15th Arad Open 2022"]
[Site "Arad"]
[Date "2022.08.09"]
[Round "1.3"]
[White "Srbis, Jurica"]
[Black "Butolo, Alexandru-Mircea"]
[Result "1-0"]
[ECO "B45"]
[WhiteElo "2472"]
[BlackElo "1863"]
[Annotator "RC"]
[PlyCount "45"]
[EventDate "2022.08.08"]
[EventType "swiss"]
[EventCountry "ROU"]
[SourceTitle "playchess.com"]
[Source "ChessBase"]
[SourceQuality "1"]
[TimeControl "5400+30"]

1. e4 c5 2. Nf3 Nc6 3. d4 cxd4 4. Nxd4 Nf6 5. Nc3 e6 6. Ndb5 Bc5 7. Bf4 O-O 8. Bc7 Qe7 9. Bd6 Bxd6 10. Qxd6 Qd8 11. Nc7 Rb8 12. Be2 a6 13. e5 Ne8 14. Nxe8 Rxe8 15. Bf3 Qb6 16. O-O-O Qa7 17. Rhe1 b5 18. Bxc6 dxc6 19. Ne4 Bb7 20. Re3 c5 21. Qxc5 Qxc5 22. Nxc5 Bxg2 23. Nd7 1-0

[Event "15th Arad Open 2022"]
[Site "Arad"]
[Date "2022.08.09"]
[Round "1.4"]
[White "Iuga, Ioan-Alexandru"]
[Black "Ramoutar, Alan-Safar"]
[Result "0-1"]
[ECO "B12"]
[WhiteElo "1848"]
[BlackElo "2453"]
[Annotator "RC"]
[PlyCount "78"]
[EventDate "2022.08.08"]
[EventType "swiss"]
[EventCountry "ROU"]
[SourceTitle "playchess.com"]
[Source "ChessBase"]
[SourceQuality "1"]
[TimeControl "5400+30"]

1. e4 c6 2. d4 d5 3. e5 c5 4. dxc5 e6 5. a3 Nd7 6. b4 Nxe5 7. Bb2 Nc6 8. Nf3 Nf6 9. Nbd2 a5 10. Bb5 Bd7 11. c3 Be7 12. O-O O-O 13. Qe2 Qc7 14. Rfe1 Rfc8 15. Bd3 Be8 16. Bc2 Nd7 17. Qd3 Nf8 18. c4 axb4 19. axb4 Rxa1 20. Bxa1 f6 21. Qb3 dxc4 22. Nxc4 Bf7 23. Nb6 Rd8 24. Bc3 Ng6 25. Qb1 Bf8 26. h4 Kh8 27. h5 Nf4 28. h6 Bh5 29. Qb2 Bxf3 30. gxf3 e5 31. Re4 Qf7 32. Rxf4 exf4 33. hxg7+ Bxg7 34. Qc1 f5 35. Bd2 Nd4 36. Bd1 Qg6+ 37. Kh2 Qh5+ 38. Kg2 Rg8 39. Bxf4 Bh6+ 0-1

[Event "15th Arad Open 2022"]
[Site "Arad"]
[Date "2022.08.09"]
[Round "1.5"]
[White "David, Alexandru-Vasile"]
[Black "Kiraly, Lilla Virag"]
[Result "1-0"]
[ECO "E49"]
[WhiteElo "2433"]
[BlackElo "1787"]
[Annotator "RC"]
[PlyCount "57"]
[EventDate "2022.08.08"]
[EventType "swiss"]
[EventCountry "ROU"]
[SourceTitle "playchess.com"]
[Source "ChessBase"]
[SourceQuality "1"]
[TimeControl "5400+30"]

1. d4 Nf6 2. c4 e6 3. Nc3 Bb4 4. e3 O-O 5. a3 Bxc3+ 6. bxc3 d5 7. cxd5 exd5 8. Bd3 c5 9. Ne2 c4 10. Bc2 Re8 11. f3 b6 12. O-O Bb7 13. Ng3 Nbd7 14. Re1 Nf8 15. e4 b5 16. e5 N6d7 17. f4 Qb6 18. Rb1 a5 19. Kh1 f6 20. Nf5 Re6 21. Qg4 g6 22. Nh6+ Kh8 23. f5 Re7 24. fxg6 Nxg6 25. Bxg6 hxg6 26. Qxg6 fxe5 27. Nf7+ Rxf7 28. Qxf7 Qc6 29. Re3 1-0

[Event "15th Arad Open 2022"]
[Site "Arad"]
[Date "2022.08.09"]
[Round "1.6"]
[White "Cazan, Andrei"]
[Black "Secheres, Adrian-Simion"]
[Result "0-1"]
[ECO "A26"]
[WhiteElo "1833"]
[BlackElo "2360"]
[Annotator "RC"]
[PlyCount "106"]
[EventDate "2022.08.08"]
[EventType "swiss"]
[EventCountry "ROU"]
[SourceTitle "playchess.com"]
[Source "ChessBase"]
[SourceQuality "1"]
[TimeControl "5400+30"]

1. g3 g6 2. Bg2 Bg7 3. Nf3 Nf6 4. O-O O-O 5. c4 d6 6. Nc3 Nc6 7. d3 e5 8. Bd2 h6 9. Rb1 a5 10. b3 Be6 11. a3 Qd7 12. Re1 Bh3 13. Bh1 Ng4 14. e3 f5 15. Nd5 g5 16. Bc3 f4 17. exf4 gxf4 18. Bg2 Bxg2 19. Kxg2 fxg3 20. fxg3 Ne7 21. Nxe7+ Qxe7 22. Bd2 Rf7 23. h3 Nf6 24. Qe2 Qd7 25. Rf1 Qc6 26. Kh2 e4 27. Nh4 exd3 28. Qxd3 Qe4 29. Qxe4 Nxe4 30. Rxf7 Kxf7 31. Rf1+ Kg8 32. Bf4 a4 33. b4 Re8 34. Nf5 h5 35. Nxg7 Kxg7 36. Re1 c6 37. Kg2 Kf7 38. Re3 d5 39. cxd5 cxd5 40. Rd3 Ke6 41. Kf3 Rc8 42. g4 hxg4+ 43. hxg4 Rc2 44. Be3 Nd6 45. Bc5 Nc4 46. Kf4 Ne5 47. Rg3 Rc4+ 48. Kg5 d4 49. Kf4 d3+ 50. Ke3 Rc2 51. Rg1 Re2+ 52. Kf4 d2 53. Rd1 Nc4 0-1

[Event "15th Arad Open 2022"]
[Site "Arad"]
[Date "2022.08.09"]
[Round "1.7"]
[White "Stanciu, Alexandru-Ovidiu"]
[Black "Dinca, Ovidiu"]
[Result "1-0"]
[ECO "B13"]
[WhiteElo "2326"]
[BlackElo "1831"]
[Annotator "RC"]
[PlyCount "120"]
[EventDate "2022.08.08"]
[EventType "swiss"]
[EventCountry "ROU"]
[SourceTitle "playchess.com"]
[Source "ChessBase"]
[SourceQuality "1"]
[TimeControl "5400+30"]

1. d4 d5 2. Bf4 Nf6 3. e3 c5 4. c3 cxd4 5. exd4 Nc6 6. Bd3 g6 7. Nd2 Bg7 8. Ngf3 O-O 9. h3 Re8 10. O-O Nh5 11. Bh2 e5 12. dxe5 Nxe5 13. Nxe5 Bxe5 14. Bxe5 Rxe5 15. Nf3 Re8 16. Qd2 Qf6 17. Qg5 Qxg5 18. Nxg5 Bd7 19. Rfd1 Bc6 20. Nf3 Nf4 21. Bf1 Rad8 22. Nd4 Ne6 23. f3 Nxd4 24. Rxd4 Re5 25. Kf2 Rde8 26. Rad1 b6 27. Bd3 Kg7 28. Rd2 h5 29. h4 R8e7 30. a3 Kf6 31. Bc2 Rc7 32. Bb3 Ke7 33. Bxd5 Bxd5 34. Rxd5 Rxd5 35. Rxd5 Ke6 36. Rd4 f6 37. Rd8 Kf5 38. g3 Re7 39. c4 Rc7 40. b3 g5 41. Rd5+ Kg6 42. a4 gxh4 43. gxh4 Re7 44. b4 Rc7 45. c5 bxc5 46. bxc5 Rc6 47. Ke3 Ra6 48. Rd4 Kf5 49. Rc4 Rc6 50. Kd4 Ke6 51. Ke4 a5 52. Rc3 Rc8 53. c6 Rc7 54. Rc2 Kd6 55. Kf5 Ke7 56. Kg6 Ke6 57. f4 f5 58. Rc1 Kd5 59. Kxf5 Rxc6 60. Rxc6 Kxc6 1-0

[Event "15th Arad Open 2022"]
[Site "Arad"]
[Date "2022.08.09"]
[Round "1.8"]
[White "Deac, David"]
[Black "Ardeleanu, Alin"]
[Result "0-1"]
[ECO "B28"]
[WhiteElo "1829"]
[BlackElo "2290"]
[Annotator "RC"]
[PlyCount "60"]
[EventDate "2022.08.08"]
[EventType "swiss"]
[EventCountry "ROU"]
[SourceTitle "playchess.com"]
[Source "ChessBase"]
[SourceQuality "1"]
[TimeControl "5400+30"]

1. e4 c5 2. Nf3 a6 3. c4 d6 4. d4 Bg4 5. dxc5 Bxf3 6. Qxf3 dxc5 7. Be2 Nc6 8. O-O Nd4 9. Qd3 e6 10. Nc3 Ne7 11. Bd1 Nec6 12. Ba4 Be7 13. Rd1 Qc7 14. Nd5 exd5 15. exd5 b5 16. cxb5 axb5 17. Bxb5 Rd8 18. Re1 Nxb5 19. Qxb5 Rxd5 20. Bf4 Qd7 21. a4 O-O 22. a5 Nd4 23. Qc4 Bg5 24. Bg3 Ne6 25. a6 Rd4 26. Qc3 Bd2 27. Qf3 Bxe1 28. Rxe1 Ra4 29. Qb7 Qxb7 30. axb7 Rb4 0-1

[Event "15th Arad Open 2022"]
[Site "Arad"]
[Date "2022.08.09"]
[Round "1.9"]
[White "Ionescu, Mihai"]
[Black "Iacoban, Anatolie"]
[Result "1-0"]
[ECO "A34"]
[WhiteElo "2250"]
[BlackElo "1821"]
[Annotator "RC"]
[PlyCount "81"]
[EventDate "2022.08.08"]
[EventType "swiss"]
[EventCountry "ROU"]
[SourceTitle "playchess.com"]
[Source "ChessBase"]
[SourceQuality "1"]
[TimeControl "5400+30"]

1. Nf3 Nf6 2. c4 c5 3. Nc3 Nc6 4. g3 d5 5. d4 cxd4 6. Nxd4 e5 7. Nxc6 bxc6 8. cxd5 cxd5 9. Bg2 Bb7 10. Bg5 e4 11. O-O Qd7 12. Bxf6 gxf6 13. Qd4 Bg7 14. Rfd1 Rd8 15. Qb4 f5 16. e3 Rg8 17. Rac1 Be5 18. Bf1 a6 19. Rc2 Qe7 20. Qa4+ Kf8 21. Rcd2 f4 22. Nxd5 fxg3 23. hxg3 Bxd5 24. Rxd5 Rxd5 25. Rxd5 Bxg3 26. fxg3 Rxg3+ 27. Bg2 Rxe3 28. Qd1 Rg3 29. Rd8+ Kg7 30. Qd4+ Kh6 31. Qd6+ Qxd6 32. Rxd6+ Kg5 33. Rxa6 f5 34. Re6 Rd3 35. b4 Ra3 36. b5 Rxa2 37. Bf1 Rb2 38. b6 e3 39. Bg2 e2 40. b7 Kg4 41. Rxe2 1-0

[Event "15th Arad Open 2022"]
[Site "Arad"]
[Date "2022.08.09"]
[Round "1.10"]
[White "Kazarian, Anna-Maja"]
[Black "Tablan, Andrei-Damian"]
[Result "1/2-1/2"]
[ECO "B12"]
[WhiteElo "2139"]
[BlackElo "1784"]
[Annotator "RC"]
[PlyCount "159"]
[EventDate "2022.08.08"]
[EventType "swiss"]
[EventCountry "ROU"]
[SourceTitle "playchess.com"]
[Source "ChessBase"]
[SourceQuality "1"]
[TimeControl "5400+30"]

1. e4 c6 2. d4 d5 3. e5 Bf5 4. g4 Bd7 5. c4 e6 6. Nc3 Bb4 7. Nf3 Ne7 8. Bd2 c5 9. cxd5 exd5 10. h3 a6 11. a3 Bxc3 12. Bxc3 cxd4 13. Nxd4 Nbc6 14. Nxc6 Bxc6 15. Qd4 Qc7 16. Rc1 O-O 17. Bd3 f6 18. O-O fxe5 19. Qxe5 Qxe5 20. Bxe5 Rf3 21. Be2 Rxh3 22. Kg2 Rb3 23. Bd1 Rd3 24. Bc2 Rd2 25. Kg3 Re2 26. Rfe1 Rxe1 27. Rxe1 Re8 28. f4 Nc8 29. Rh1 g6 30. Rd1 Nb6 31. Bd4 Nc4 32. Kf3 Kf7 33. f5 gxf5 34. gxf5 Ne5+ 35. Kf4 Nd7 36. Rh1 Nf8 37. Be5 Re7 38. Rg1 Ke8 39. Rg8 Kf7 40. Rg7+ Ke8 41. Rg8 Kf7 42. Rh8 Rxe5 43. Kxe5 Kg7 44. Rxf8 Kxf8 45. Kf6 Bb5 46. Ke5 Bc6 47. Bd1 Ke7 48. a4 h5 49. f6+ Kf8 50. Bxh5 Bxa4 51. Kxd5 Bc6+ 52. Ke6 Be4 53. Kd6 Bc6 54. Bg6 Bf3 55. Kc7 Bd5 56. b4 Bc6 57. Bf5 Kf7 58. Bc8 Kxf6 59. Bxb7 Bb5 60. Kb6 Ke7 61. Bxa6 Ba4 62. Bb5 Bb3 63. Kc7 Bc2 64. Bc4 Ba4 65. Be2 Ke6 66. Bg4+ Kd5 67. Kb6 Kd6 68. Ka5 Bc6 69. Kb6 Ba4 70. Be2 Bc6 71. Bd1 Bd7 72. Ka5 Kc7 73. Be2 Kb8 74. Kb6 Bf5 75. Ba6 Bg4 76. Kc6 Bf5 77. Bc4 Bg4 78. b5 Bf5 79. b6 Bg4 80. Bd5 1/2-1/2

[Event "15th Arad Open 2022"]
[Site "Arad"]
[Date "2022.08.09"]
[Round "1.11"]
[White "Korcsek, Alexandru-David"]
[Black "Magold, Filip"]
[Result "0-1"]
[ECO "E54"]
[WhiteElo "1826"]
[BlackElo "2247"]
[Annotator "RC"]
[PlyCount "64"]
[EventDate "2022.08.08"]
[EventType "swiss"]
[EventCountry "ROU"]
[SourceTitle "playchess.com"]
[Source "ChessBase"]
[SourceQuality "1"]
[TimeControl "5400+30"]

1. e4 c6 2. d4 d5 3. exd5 cxd5 4. c4 Nf6 5. Nc3 e6 6. Nf3 Bb4 7. Bd3 dxc4 8. Bxc4 O-O 9. O-O b6 10. Qe2 Bb7 11. Bg5 Nbd7 12. Rad1 Bxc3 13. bxc3 Qc7 14. Rc1 Bxf3 15. gxf3 Nd5 16. Bd3 h6 17. Bd2 Nf4 18. Bxf4 Qxf4 19. Qe4 Qg5+ 20. Kh1 Nf6 21. Qe3 Rac8 22. c4 Rfd8 23. Rg1 Qh4 24. Rg3 Rxd4 25. Rcg1 g5 26. Bf1 Qf4 27. Qa3 Rc7 28. h4 Qxh4+ 29. Rh3 Qxf2 30. Rxh6 Rh4+ 31. Rxh4 Qxh4+ 32. Kg2 Nh5 0-1

[Event "15th Arad Open 2022"]
[Site "Arad"]
[Date "2022.08.09"]
[Round "1.12"]
[White "Rujan, Rodel-Marinel"]
[Black "Padurean, Daniel-Cristian"]
[Result "0-1"]
[ECO "C90"]
[WhiteElo "1785"]
[BlackElo "2126"]
[Annotator "RC"]
[PlyCount "64"]
[EventDate "2022.08.08"]
[EventType "swiss"]
[EventCountry "ROU"]
[SourceTitle "playchess.com"]
[Source "ChessBase"]
[SourceQuality "1"]
[TimeControl "5400+30"]

1. e4 e5 2. Nf3 Nc6 3. Bc4 Nf6 4. d3 Be7 5. O-O O-O 6. Re1 d6 7. c3 Na5 8. Bb5 a6 9. Ba4 b5 10. Bc2 c5 11. a4 b4 12. cxb4 cxb4 13. d4 Bg4 14. d5 Nd7 15. Be3 Nc4 16. Bc1 Nc5 17. Nbd2 Na5 18. h3 Bd7 19. b3 Rc8 20. Nf1 f5 21. exf5 Bxf5 22. Bxf5 Rxf5 23. Rb1 Qd7 24. Ng3 Rf6 25. Re3 Rcf8 26. Bd2 Qb7 27. Be1 Rf4 28. Qd2 Bh4 29. Nh5 Rxf3 30. gxf3 Qf7 31. Qxb4 Qxh5 32. Qxa5 Qg6+ 0-1

[Event "15th Arad Open 2022"]
[Site "Arad"]
[Date "2022.08.09"]
[Round "1.13"]
[White "Ionescu, Irina"]
[Black "Parasca, Claudiu"]
[Result "1-0"]
[ECO "C42"]
[WhiteElo "2125"]
[BlackElo "1784"]
[Annotator "RC"]
[PlyCount "69"]
[EventDate "2022.08.08"]
[EventType "swiss"]
[EventCountry "ROU"]
[SourceTitle "playchess.com"]
[Source "ChessBase"]
[SourceQuality "1"]
[TimeControl "5400+30"]

1. e4 e5 2. Nf3 Nf6 3. Nxe5 d6 4. Nf3 Nxe4 5. d4 d5 6. Bd3 Nf6 7. O-O Be7 8. h3 O-O 9. Re1 h6 10. Nbd2 Re8 11. Ne5 Nbd7 12. Ndf3 Nxe5 13. dxe5 Nh7 14. c3 c6 15. Bc2 b6 16. Nd4 Qc7 17. Bf4 Nf8 18. Qf3 Be6 19. Rad1 a6 20. Nxe6 Nxe6 21. Qd3 Nf8 22. Qg3 g5 23. h4 Qd8 24. Bc1 Kh8 25. hxg5 Bxg5 26. f4 Bh4 27. Qh3 Bxe1 28. Rxe1 d4 29. f5 Nh7 30. f6 d3 31. Bxd3 Rg8 32. Bxh7 Qc8 33. Bf5 Qf8 34. Bxh6 Rg3 35. Bg7+ 1-0

[Event "15th Arad Open 2022"]
[Site "Arad"]
[Date "2022.08.09"]
[Round "1.14"]
[White "Bartha, Andrei"]
[Black "Tampea, Radu"]
[Result "0-1"]
[ECO "B34"]
[WhiteElo "1772"]
[BlackElo "2093"]
[Annotator "RC"]
[PlyCount "52"]
[EventDate "2022.08.08"]
[EventType "swiss"]
[EventCountry "ROU"]
[SourceTitle "playchess.com"]
[Source "ChessBase"]
[SourceQuality "1"]
[TimeControl "5400+30"]

1. e4 c5 2. Nf3 Nc6 3. d4 cxd4 4. Nxd4 g6 5. Nc3 Bg7 6. Be3 Nf6 7. Nxc6 bxc6 8. e5 Ng8 9. Bd4 Qa5 10. e6 Nf6 11. exd7+ Bxd7 12. Qe2 O-O 13. O-O-O Be6 14. Qa6 Qc7 15. g3 Rab8 16. Qxa7 Rb7 17. Qc5 Nd7 18. Qxe7 Bxd4 19. Rxd4 Qb6 20. Qd6 Qxb2+ 21. Kd2 c5 22. Ra4 Nb6 23. Bb5 Nxa4 24. Bxa4 Qa3 25. Re1 Rb4 26. Qe5 Rd4+ 0-1

[Event "15th Arad Open 2022"]
[Site "Arad"]
[Date "2022.08.09"]
[Round "1.15"]
[White "Oltean, Cristian-Daniel"]
[Black "Donici-Maier, David"]
[Result "1/2-1/2"]
[ECO "B60"]
[WhiteElo "2158"]
[BlackElo "1786"]
[Annotator "RC"]
[PlyCount "150"]
[EventDate "2022.08.08"]
[EventType "swiss"]
[EventCountry "ROU"]
[SourceTitle "playchess.com"]
[Source "ChessBase"]
[SourceQuality "1"]
[TimeControl "5400+30"]

1. e4 c5 2. Nf3 Nc6 3. d4 cxd4 4. Nxd4 Nf6 5. Nc3 d6 6. Bg5 g6 7. Bxf6 exf6 8. Bb5 Bd7 9. O-O Bg7 10. Ba4 a6 11. Nxc6 Bxc6 12. Bb3 O-O 13. Qd2 Qd7 14. Rad1 f5 15. exf5 Qxf5 16. Nd5 Bxd5 17. Bxd5 Rac8 18. c4 b5 19. b3 bxc4 20. Bxc4 Rfd8 21. Qd5 Rc5 22. Qxf5 Rxf5 23. Rd5 Rxd5 24. Bxd5 Rc8 25. Bc4 a5 26. Rd1 Be5 27. g3 g5 28. Kg2 Rc5 29. Kf3 Kg7 30. Kg4 h6 31. f4 f5+ 32. Kf3 d5 33. Bd3 Bf6 34. Bxf5 d4 35. Bd3 gxf4 36. Kxf4 Rh5 37. h4 Re5 38. Rc1 Re3 39. Be4 Rc3 40. Rh1 Bd8 41. Rd1 Bc7+ 42. Kf5 Rc5+ 43. Kg4 Be5 44. Bd3 Rc3 45. Kf3 Kf6 46. g4 Rc7 47. Rg1 Re7 48. g5+ Kg7 49. Rc1 Bd6 50. Be4 hxg5 51. hxg5 Rf7+ 52. Ke2 Bf4 53. Rc6 Ra7 54. Rg6+ Kh8 55. Kd3 Be3 56. Bd5 Kh7 57. Be4 Kh8 58. Rh6+ Kg8 59. Rh5 Bf2 60. g6 Be3 61. Rh7 Rxh7 62. gxh7+ Kg7 63. Kc4 Bf2 64. Bd3 Be3 65. a3 Bc1 66. b4 axb4 67. a4 Bf4 68. a5 Bb8 69. Kb5 Ba7 70. Kxb4 Kh8 71. Kb5 Kg7 72. Kc6 Kh8 73. Kb7 Bc5 74. a6 Kg7 75. Kc6 Ba7 1/2-1/2

[Event "15th Arad Open 2022"]
[Site "Arad"]
[Date "2022.08.09"]
[Round "1.16"]
[White "Coicev, Matei-Andrei"]
[Black "Brosman, Alexandru"]
[Result "1-0"]
[ECO "B07"]
[WhiteElo "2087"]
[BlackElo "1729"]
[Annotator "RC"]
[PlyCount "77"]
[EventDate "2022.08.08"]
[EventType "swiss"]
[EventCountry "ROU"]
[SourceTitle "playchess.com"]
[Source "ChessBase"]
[SourceQuality "1"]
[TimeControl "5400+30"]

1. e4 g6 2. d4 Bg7 3. Nc3 d6 4. Be3 Nf6 5. Qd2 Ng4 6. Bg5 h6 7. Bh4 O-O 8. O-O-O Nc6 9. Nf3 Nf6 10. h3 g5 11. Bg3 Nh7 12. d5 Ne5 13. Nd4 e6 14. f4 Ng6 15. dxe6 fxe6 16. f5 Nf4 17. Bxf4 gxf4 18. Bc4 Kh8 19. Bxe6 c5 20. Nb3 Bxe6 21. fxe6 Qf6 22. Qxd6 Rfd8 23. Qxc5 Qxe6 24. Rxd8+ Rxd8 25. Rd1 Rxd1+ 26. Kxd1 Ng5 27. Nd2 b6 28. Qd5 Qc8 29. Qd3 Ne6 30. Nf3 Nc5 31. Qd5 Qe8 32. e5 Nd7 33. e6 Nc5 34. Nd4 Qe7 35. Nce2 Kg8 36. Nxf4 Bxd4 37. Qxd4 Nxe6 38. Nxe6 Qxe6 39. Qg4+ 1-0

[Event "15th Arad Open 2022"]
[Site "Arad"]
[Date "2022.08.09"]
[Round "1.17"]
[White "Hoanca, Alexia-Ioana"]
[Black "Herczeg, Marcell"]
[Result "0-1"]
[ECO "B30"]
[WhiteElo "1761"]
[BlackElo "2044"]
[Annotator "RC"]
[PlyCount "38"]
[EventDate "2022.08.08"]
[EventType "swiss"]
[EventCountry "ROU"]
[SourceTitle "playchess.com"]
[Source "ChessBase"]
[SourceQuality "1"]
[TimeControl "5400+30"]

1. e4 c5 2. Nf3 e6 3. d3 Nc6 4. Nbd2 Nf6 5. g3 Be7 6. Bg2 Qc7 7. O-O d6 8. Re1 O-O 9. h4 Rd8 10. Nf1 b5 11. N1h2 e5 12. c3 Rb8 13. Ng5 h6 14. Nh3 d5 15. exd5 Nxd5 16. Qe2 b4 17. g4 bxc3 18. g5 Nd4 19. Qxe5 Bd6 0-1

[Event "15th Arad Open 2022"]
[Site "Arad"]
[Date "2022.08.09"]
[Round "1.18"]
[White "Cucu, Ioan-Mircea"]
[Black "Magold, Victor"]
[Result "0-1"]
[ECO "B14"]
[WhiteElo "1763"]
[BlackElo "2074"]
[Annotator "RC"]
[PlyCount "76"]
[EventDate "2022.08.08"]
[EventType "swiss"]
[EventCountry "ROU"]
[SourceTitle "playchess.com"]
[Source "ChessBase"]
[SourceQuality "1"]
[TimeControl "5400+30"]

1. e4 c6 2. Nf3 d5 3. exd5 cxd5 4. d4 Nf6 5. c4 g6 6. Nc3 Bg7 7. cxd5 O-O 8. Bc4 Nbd7 9. Bg5 Nb6 10. Bxf6 Bxf6 11. Bb3 Bg4 12. Qd3 Bxf3 13. gxf3 Qd7 14. O-O-O a5 15. a4 Rfc8 16. Kb1 Qd6 17. Qb5 Qb4 18. h4 Bxd4 19. Qxb4 axb4 20. Rxd4 bxc3 21. Rb4 Nd7 22. h5 cxb2 23. hxg6 hxg6 24. Rbh4 Kg7 25. Kxb2 Ne5 26. Rd1 Nxf3 27. Re4 Rc7 28. d6 exd6 29. Rxd6 Rh8 30. Re3 Ng5 31. f4 Rh2+ 32. Ka3 Nh7 33. Rg3 Rf2 34. Rd4 Nf6 35. Rb4 Re7 36. Rc3 Ne4 37. Re3 Nd2 38. Rxe7 Nb1# 0-1

[Event "15th Arad Open 2022"]
[Site "Arad"]
[Date "2022.08.09"]
[Round "1.19"]
[White "Pauwels, Xander"]
[Black "Lup, Constantin-Ionel"]
[Result "1-0"]
[ECO "E69"]
[WhiteElo "2040"]
[BlackElo "1722"]
[Annotator "RC"]
[PlyCount "56"]
[EventDate "2022.08.08"]
[EventType "swiss"]
[EventCountry "ROU"]
[SourceTitle "playchess.com"]
[Source "ChessBase"]
[SourceQuality "1"]
[TimeControl "5400+30"]

1. d4 d6 2. Nf3 g6 3. g3 Bg7 4. Bg2 Nf6 5. c4 O-O 6. Nc3 Nbd7 7. O-O e5 8. e4 c6 9. h3 Re8 10. Re1 exd4 11. Nxd4 Nc5 12. Rb1 Nfd7 13. b4 Bxd4 14. Qxd4 Ne6 15. Qxd6 Qf6 16. Bb2 Qe7 17. Qxe7 Rxe7 18. Nd1 Nc7 19. Ne3 a5 20. a3 h5 21. Red1 b6 22. e5 Bb7 23. b5 Nxe5 24. Bxe5 Rxe5 25. bxc6 Ba6 26. Nd5 Ra7 27. Nxb6 Rc5 28. Rd7 Re5 1-0

[Event "15th Arad Open 2022"]
[Site "Arad"]
[Date "2022.08.09"]
[Round "1.20"]
[White "Hirsu, Adrian"]
[Black "Moerman, Thomas"]
[Result "0-1"]
[ECO "D02"]
[WhiteElo "1696"]
[BlackElo "2026"]
[Annotator "RC"]
[PlyCount "70"]
[EventDate "2022.08.08"]
[EventType "swiss"]
[EventCountry "ROU"]
[SourceTitle "playchess.com"]
[Source "ChessBase"]
[SourceQuality "1"]
[TimeControl "5400+30"]

1. d4 Nf6 2. Bf4 d5 3. Nf3 c5 4. e3 Nc6 5. Bb5 Bd7 6. Bxc6 Bxc6 7. O-O Qb6 8. b3 e6 9. Nbd2 Be7 10. a4 O-O 11. Ne5 cxd4 12. a5 Qa6 13. exd4 Bb4 14. Nxc6 Qxc6 15. Ra4 Bc3 16. Be5 Nd7 17. Nf3 Qb5 18. Bd6 Rfc8 19. a6 bxa6 20. Ne5 Nb6 21. Qh5 Qe8 22. Nf3 Nxa4 23. bxa4 Ba5 24. Rb1 Bc7 25. Ng5 h6 26. Bxc7 Rxc7 27. Nf3 Rb8 28. Re1 Qxa4 29. h4 Qxc2 30. Kh2 Qxf2 31. Rg1 Rb2 32. Qe5 Rc3 33. Kh3 Rxf3+ 34. gxf3 Qxg1 35. Qb8+ Rxb8 0-1

[Event "15th Arad Open 2022"]
[Site "Arad"]
[Date "2022.08.09"]
[Round "2.1"]
[White "Manolache, Marius"]
[Black "Veneteanu, Mihai"]
[Result "1-0"]
[ECO "A45"]
[WhiteElo "2469"]
[BlackElo "2025"]
[Annotator "RC"]
[PlyCount "123"]
[EventDate "2022.08.08"]
[EventType "swiss"]
[EventCountry "ROU"]
[SourceTitle "playchess.com"]
[Source "ChessBase"]
[SourceQuality "1"]
[TimeControl "5400+30"]

1. d4 Nf6 2. Bg5 c5 3. d5 Qb6 4. Nc3 Qxb2 5. Bd2 Qb6 6. e4 e5 7. g4 h6 8. h4 d6 9. Rb1 Qd8 10. Bb5+ Nbd7 11. Qf3 a6 12. Be2 b5 13. g5 Ng8 14. Nd1 h5 15. g6 fxg6 16. Qg3 Qf6 17. Rb3 Qf7 18. Nh3 Ndf6 19. Ng5 Qc7 20. Ra3 c4 21. Ra5 Rb8 22. Bb4 Nh6 23. Nc3 Nf7 24. Ne6 Qe7 25. Bf1 Rh6 26. Bh3 Bxe6 27. Bxe6 Rb6 28. Qe3 Qb7 29. Bc8 Qb8 30. Bxa6 Ng4 31. Qe2 Be7 32. f3 Nf6 33. Rxb5 g5 34. Qe3 Nd7 35. Rg1 gxh4 36. Rxg7 Rh8 37. Qg1 Bf6 38. Rg6 Ke7 39. a4 h3 40. Qg3 Rxb5 41. Bxb5 Nf8 42. Rxf6 Kxf6 43. Qxh3 Ng6 44. Ne2 h4 45. Bd2 Qc8 46. Bd7 Qc5 47. Be6 Kg7 48. Bxf7 Kxf7 49. Qd7+ Kf6 50. Kf1 h3 51. Qf5+ Kg7 52. Bg5 Rf8 53. Qd7+ Kg8 54. Qe6+ Kg7 55. Qxh3 Rh8 56. Qd7+ Kg8 57. Qe6+ Kg7 58. Qf6+ Kg8 59. Qxg6+ Kf8 60. Qf6+ Kg8 61. Qe6+ Kh7 62. Qf7# 1-0